 Dungeon Crawl Stone Soup version 0.31-a0-968-g24f9ace8b5 (webtiles) character file.

Game seed: 214711647565956795

217 Shayle the Slasher (level 5, -1/33 HPs)
             Began as a Tengu Hexslinger on Oct 27, 2023.
             Was an Initiate of Hepliaklqana.
             Slain by an orc wizard
             ... wielding a +0 dagger
              (2 damage)
             ... on level 4 of the Dungeon.
             The game lasted 00:08:21 (2385 turns).

Shayle the Slasher (Tengu Hexslinger)               Turns: 2385, Time: 00:08:22

Health: -1/33      AC:  5    Str:  8    XL:     5   Next: 94%
Magic:  7/7        EV:  9    Int: 16    God:    Hepliaklqana [......]
Gold:   210        SH:  0    Dex: 16    Spells: 6/6 levels left

rFire   . . .        d - +1 long sword (elec)
rCold   . . .        o - +0 buckler
rNeg    . . .        h - +0 ring mail
rPois   +            (helmet restricted)
rElec   .            (no cloak)
rCorr   .            (no gloves)
SInv    .            (boots unavailable)
Will    .....        (no amulet) Stlth
                     p - ring of poison resistance
HPRegen 0.25/turn    (no ring)
MPRegen 0.10/turn

%: acrobat
@: confused
A: beak, talons 3, acrobatic
a: Renounce Religion


You were on level 4 of the Dungeon.
You worshipped Hepliaklqana.
Hepliaklqana was noncommittal.
You visited 2 branches of the dungeon, and saw 5 of its levels.

You collected 285 gold pieces.
You spent 75 gold pieces at shops.

Inventory:

Hand Weapons
 a - a +1 sling
 d - a +1 long sword of electrocution (weapon)
Armour
 c - a +0 robe
 h - a +0 ring mail (worn)
 o - a +0 buckler (worn)
Jewellery
 p - a ring of poison resistance (left hand)
 q - a ring of flight
Scrolls
 b - 5 scrolls of poison
 f - a scroll of immolation {unknown}
 i - 2 scrolls of noise {unknown}
 j - a scroll of vulnerability {unknown}
 k - a scroll of revelation {unknown}
 l - a scroll of fog {unknown}
 m - a scroll of teleportation {unknown}
 n - a scroll of identify
Potions
 e - 2 potions of attraction


   Skills:
 + Level 3.8 Fighting
 + Level 4.0 Long Blades
 - Level 2.1 Ranged Weapons
 - Level 2.1 Dodging
 + Level 0.8 Shields
 - Level 1.0 Spellcasting
 - Level 2.1 Hexes
 - Level 1.1 Fire Magic
 + Level 0.4 Invocations


You had 6 spell levels left.
You didn't know any spells.
Your spell library contained the following spells:

 Spells                   Type           Power      Damage    Failure   Level
 Jinxbite                 Hex            14%        N/A       56%         2
 Ensorcelled Hibernation  Hex/Ice        8%         N/A       73%         2
 Apportation              Tloc           0%         N/A       75%         1
 Sigil of Binding         Hex            7%         N/A       80%         3
 Lesser Beckoning         Tloc           0%         N/A       86%         2
 Passwall                 Tmut/Erth      0%         N/A       86%         2
 Inner Flame              Hex/Fire       6%         N/A       87%         3
 Dazzling Flash           Conj/Hex       8%         N/A       91%         3
 Volatile Blastmotes      Fire/Tloc      4%         2d10      95%         3
 Gell's Gravitas          Tloc           0%         N/A       98%         3
 Swiftness                Air            0%         N/A       98%         3
 Teleport Other           Tloc           0%         N/A       98%         3
 Cause Fear               Hex            3%         N/A       99%         4
 Dimensional Bullseye     Hex/Tloc       2%         N/A       100%        4
 Alistair's Intoxication  Tmut/Pois      0%         N/A       100%        5
 Starburst                Conj/Fire      1%         6d3       100%        6
 Maxwell's Capacitive Co  Air            0%         ∞         100%        8
 Chain Lightning          Conj/Air       0%         N/A       100%        9
 Fire Storm               Conj/Fire      1%         7d1       100%        9
 Shatter                  Erth           0%         3d5*      100%        9


Dungeon Overview and Level Annotations

Branches:
Dungeon (4/15)             Temple (1/1) D:4

Altars:
Ashenzari
Cheibriados
Dithmenos
Elyvilon
Gozag
Hepliaklqana
Kikubaaqudgha
Qazlal
Ru
Sif Muna
Wu Jian
Xom
Zin

Shops:
D:1 *   D:4 *


Innate Abilities, Weirdness & Mutations

You have a beak for a mouth.
You have claws for feet.
You can magically evade attacks while moving or waiting.


Message History

Blink to where?
Press: ? - help, Dir - move target
Found an opulent altar of Gozag.
As you read the scroll of blinking, it crumbles to dust.
A ball python comes into view.
Found a robe.
Found Gozag's Platinum Reserve.
The ball python hisses angrily.
The ball python closely misses you. The ball python misses you.
The ball python bites you but does no damage.
The ball python misses you.
You closely miss the ball python. You claw the ball python.
The ball python is moderately wounded.
The ball python barely misses you. The ball python grabs you.
The ball python constricts you.
The ball python bites you but does no damage.
The ball python constricts you.
You slash the ball python!
You kill the ball python!
Your Long Blades skill increases to level 4!
You start resting.
You hear some strange, mumbled words.
You are confused.
You are too confused!
Unknown command.
Okay, then.
You bump into the rock wall.
You barely miss something. Your kick misses something.
Your peck misses something. Something hits you.
The orc priest hits you from afar with a +0 trident.
You nearly stumble into some deep water!
Something hits you but does no damage.
The orc priest calls down the wrath of Beogh upon you.
Beogh smites you!
* * * LOW HITPOINT WARNING * * *
Unknown command.
Okay, then.
You barely miss something. Something hits you but does no damage.
The orc priest hits you but does no damage.
The orc priest completely misses you. Something hits you.
You die...

...#....#####.# #.##
##...#.....# #
##o...#..o.#
#...#........
#.##.##......... ###.#
#.##.......... #
#...###.##.....#...#
#...##o###...#....#######
#≈≈≈≈≈≈≈.@..#......#
#≈.....≈≈≈≈........#
#≈.⌠.⌠....≈...######
#≈..∩..._.....#
#≈.⌠.⌠....≈.[.#
.≈.....≈≈≈≈..##
#≈≈≈≈≈≈≈.....#
#.####..###.#


You could see an orc priest.

Vanquished Creatures
  3 orc wizards
  6 adders
  A dart slug (D:4)
  14 orcs
  4 ball pythons
  8 endoplasms
  6 giant cockroaches
  6 goblins
  6 hobgoblins
  4 jackals (D:4)
  2 quokkas (D:2)
  6 frilled lizards
  2 kobolds
  6 rats
74 creatures vanquished.

Notes
Turn   | Place    | Note
-------+----------+-------------------------------------------
     0 | D:1      | Shayle the Tengu Hexslinger began the quest for the Orb.
     0 | D:1      | Reached XP level 1. HP: 12/12 MP: 3/3
   209 | D:1      | Reached skill level 1 in Long Blades
   264 | D:1      | Found Omyafow's Assorted Antiques.
   276 | D:1      | Bought a scroll labelled ERAUGAJ JIR for 25 gold pieces
   276 | D:1      | Bought a scroll labelled ERAUGAJ JIR for 25 gold pieces
   276 | D:1      | Bought a scroll labelled ZATUOH DONOR for 25 gold pieces
   283 | D:1      | Reached XP level 2. HP: 15/16 MP: 4/4
   691 | D:1      | Found a faded altar of an unknown god.
   827 | D:2      | Reached XP level 3. HP: 16/21 MP: 5/5
   878 | D:2      | Reached skill level 2 in Long Blades
  1134 | D:2      | Reached XP level 4. HP: 24/27 MP: 6/6
  1501 | D:3      | Reached skill level 3 in Long Blades
  1616 | D:3      | Reached XP level 5. HP: 21/32 MP: 7/7
  2181 | D:4      | Found a staircase to the Ecumenical Temple.
  2209 | Temple   | Entered the Ecumenical Temple
  2224 | Temple   | Became a worshipper of Hepliaklqana the Forgotten
  2368 | D:4      | Found an opulent altar of Gozag.
  2369 | D:4      | Found Gozag's Platinum Reserve.
  2377 | D:4      | Reached skill level 4 in Long Blades
  2384 | D:4      | HP: 1/33 [orc priest/divine providence (11)]
  2385 | D:4      | Slain by an orc wizard

Illustrated notes

Levels and vault maps discovered:
D:1:      tarquinn_simple_flora_water_d, layout_loops_ring,
          shapermc_ecumenical_altar_pompeii, serial_shops, shop
D:2:      layout_rooms
D:3:      layout_loops_ring, kennysheep_crisscross
D:4:      layout_loops_ring, nicolae_gozag_zags_fifth_avenue, temple_statues,
          serial_shops, nicolae_shop_tiny_real_fake_doors
Temple:   hc_temple_tempest_star

Skill      XL: |  1  2  3  4  5 |
---------------+----------------+-----
Long Blades    | 1 2 3 4 |  4.0
Fighting       | 2 3 |  3.8
Ranged Weapons | |  2.1
Dodging        | |  2.1
Shields        | |  0.8
Spellcasting   | |  1.0
Hexes          | |  2.1
Fire Magic     | |  1.1
Invocations    | |  0.4

Action                     |  1- 3 |  4- 6 || total
---------------------------+-------+-------++-------
  Melee: Long sword        |    47 |    94 ||   141
         Peck              |     7 |     9 ||    16
         Kick              |     9 |    21 ||    30
    Use: Scroll            |     2 |     1 ||     3
         Potion            |       |     4 ||     4
 Armour: Robe              |     6 |       ||     6
         Ring mail         |    14 |    72 ||    86
  Dodge: Dodged            |    29 |    50 ||    79
  Block: Buckler           |       |     7 ||     7

Table legend: (Time is in decaauts)
 A = Elapsed time spent in this place.
 B = Non-inter-level travel time spent in this place.
 C = Inter-level travel time spent in this place.
 D = Time resting spent in this place.
 E = Time spent auto-exploring this place.
 F = Levels seen in this place.
 G = Mean time per level.
                   A        B        C        D        E       F      G
               +--------+--------+--------+--------+--------+-----+--------+
         Total |   2405 |   2294 |    111 |    273 |   1297 |   5 |  481.0 |
       Dungeon |   2374 |   2292 |     82 |    273 |   1297 |   4 |  593.5 |
        Temple |     30 |      1 |     29 |      0 |      0 |   1 |   30.0 |
               +--------+--------+--------+--------+--------+-----+--------+

Top non-repeatable levels by time:
     D:1: 802 daAuts
     D:3: 729 daAuts
     D:2: 612 daAuts
     D:4: 230 daAuts
  Temple: 30 daAuts
